 Dungeon Crawl Stone Soup version 0.26-a0-651-gb41185065b (webtiles) character file.

Game seed: 16214746245109626630

165 Flugslaktarn the Shield-Bearer (level 5, -8/50 HPs)
             Began as a Deep Dwarf Fighter on Oct 8, 2020.
             Mangled by an ogre
             ... wielding a +0 giant spiked club
              (25 damage)
             ... on level 4 of the Dungeon.
             The game lasted 00:00:28 (393 turns).

Flugslaktarn the Shield-Bearer (Deep Dwarf Fighter)  Turns: 393, Time: 00:00:29

Health: -8/50      AC:  7    Str: 21    XL:     5   Next: 22%
Magic:  4/4        EV:  7    Int:  8    God:
Gold:   59         SH:  9    Dex: 12    Spells: 4/4 levels left

rFire    . . .     SeeInvis .   j - +3 hand axe
rCold    . . .     Faith    .   c - +0 kite shield
rNeg     . . .     Spirit   .   b - +0 scale mail
rPois    .         Reflect  .   (no helmet)
rElec    .         Harm     .   (no cloak)
rCorr    .         Rampage  .   (no gloves)
MR       .....                  (no boots)
Stlth    ..........             (no amulet)
HPRegen  0.00/turn              (no ring)
MPRegen  0.09/turn              (no ring)

@: non-regenerating
A: damage resistance, heal wounds, sense surroundings 1, no regeneration
a: Heal Wounds


You were on level 4 of the Dungeon.
You visited 1 branch of the dungeon, and saw 4 of its levels.

You collected 59 gold pieces.

Inventory:

Hand Weapons
 a - a +0 war axe
 j - a +3 hand axe (weapon)
   (You found it on level 3 of the Dungeon)
Armour
 b - a +0 scale mail (worn)
 c - a +0 kite shield (worn)
Scrolls
 e - 2 scrolls of identify {unknown}
 h - 5 scrolls of remove curse {unknown}
 i - a scroll of enchant weapon {unknown}
Potions
 d - 2 potions of might
 f - 2 potions of stabbing {unknown}
 g - a potion of brilliance {unknown}


   Skills:
 * Level 3.8 Fighting
 * Level 3.9 Axes
 + Level 4.0 Armour
 + Level 4.0 Shields


You had 4 spell levels left.
You didn't know any spells.
Your spell library was empty.

Dungeon Overview and Level Annotations

Branches:
Dungeon (3/15)

Altars:


Innate Abilities, Weirdness & Mutations

You are resistant to damage.
You can heal yourself by infusing magical energy.
You passively map a small area around you.
You do not regenerate.


Message History

There is an open door here.
An ogre comes into view. It is wielding a +0 giant spiked club.
The ogre shouts!
An ogre is nearby!
An ogre is nearby!
An ogre is nearby!
Your magical essence is drained by the effort!
You feel much better.
You see here an amethyst potion.
You hit the ogre.
The ogre is lightly wounded.
The ogre hits you with a +0 giant spiked club!!
You hit the ogre.
The ogre is moderately wounded.
The ogre hits you with a +0 giant spiked club.
You slash the ogre!
The ogre is severely wounded.
The ogre hits you with a +0 giant spiked club!!
Ouch! That really hurt!
You die...

#.......#
##########.......#
#................#
#................#,
#.........##'#####
, #.........#,...,
,, #.........#
..... , #......!..#
..... , ,
*#......@..#, ...#
, .......O..# * ,
..........# , ,
..........# , ,
..........# ,
..........# * *
###########


You could see an ogre.

Vanquished Creatures
  An ogre (D:4)
  An iguana (D:4)
  3 adders
  A worm (D:2)
  A dart slug (D:1)
  An orc (D:3)
  2 giant cockroaches
  2 goblins (D:3)
  4 hobgoblins
  4 bats
  A kobold (D:1)
  3 rats
24 creatures vanquished.

Notes
Turn   | Place    | Note
-------+----------+-------------------------------------------
     0 | D:1      | Flugslaktarn the Deep Dwarf Fighter began the quest for the
                  | Orb.
     0 | D:1      | Reached XP level 1. HP: 20/20 MP: 1/1
    68 | D:1      | Reached XP level 2. HP: 24/27 MP: 2/2
   226 | D:2      | Reached XP level 3. HP: 30/34 MP: 3/3
   335 | D:3      | You fall into a shaft and drop 1 floor!
   347 | D:4      | Reached XP level 4. HP: 30/42 MP: 4/4
   359 | D:4      | Noticed an ogre
   368 | D:4      | Killed an ogre
   368 | D:4      | Reached XP level 5. HP: 19/50 MP: 5/5
   387 | D:4      | Noticed an ogre
   393 | D:4      | Mangled by an ogre

Illustrated notes

Levels and vault maps discovered:
D:1:      kennysheep_arrival_forest, layout_loops_cross,
          minmay_misc_feat_columns
D:2:      layout_loops_cross, minmay_overflow_temple_hex
D:3:      layout_loops_ring, guppyfry_early_orc_mine, uniq_terence, uniq_jessica
D:4:      layout_gridville

Skill      XL: |  1  2  3  4 |
---------------+-------------+-----
Fighting       | 3 |  3.8
Axes           | 3 |  3.9
Armour         | 4 |  4.0
Shields        | 4 |  4.0

Action                   |  1- 3 |  4- 6 || total
-------------------------+-------+-------++-------
Melee: War axe           |    57 |       ||    57
       Hand axe          |    12 |     9 ||    21
 Abil: Heal Wounds       |     1 |     2 ||     3
Armor: Scale mail        |    27 |       ||    27
Dodge: Dodged            |    19 |     2 ||    21
Block: Kite shield       |    41 |     1 ||    42

Table legend: (Time is in decaauts)
 A = Elapsed time spent in this place.
 B = Non-inter-level travel time spent in this place.
 C = Inter-level travel time spent in this place.
 D = Time resting spent in this place.
 E = Time spent auto-exploring this place.
 F = Levels seen in this place.
 G = Mean time per level.
                   A        B        C        D        E       F      G
               +--------+--------+--------+--------+--------+-----+--------+
         Total |    422 |    389 |     33 |      0 |    208 |   4 |  105.5 |
       Dungeon |    422 |    389 |     33 |      0 |    208 |   4 |  105.5 |
               +--------+--------+--------+--------+--------+-----+--------+

Top non-repeatable levels by time:
     D:1: 158 daAuts
     D:2: 122 daAuts
     D:3: 79 daAuts
     D:4: 61 daAuts
